 Dungeon Crawl Stone Soup version 0.22.0-38-g04b72b8 (webtiles) character file.

19602 Loudmushroom the Cleaver (level 12, -11/76 HPs)
             Began as a Gargoyle Fighter on Aug 25, 2018.
             Was a High Priest of Okawaru.
             Killed from afar by a rime drake (17 damage)
             ... with a flash freeze
             ... on level 2 of the Lair of Beasts.
             The game lasted 01:14:56 (14615 turns).

Loudmushroom the Cleaver (Gargoyle Fighter)        Turns: 14615, Time: 01:14:57

Health: -11/76     AC: 37    Str: 20    XL:     12   Next: 70%
Magic:  18/18      EV:  8    Int: 13    God:    Okawaru [*****.]
Gold:   744        SH: 11    Dex: 13    Spells: 11/11 levels left

rFire    . . .     SeeInvis +   a - +2 broad axe (freeze)
rCold    . . .     Gourm    .   s - +0 shield {AC+3}
rNeg     + . .     Faith    .   K - +0 plate armour
rPois    ∞         Spirit   .   R - +1 helmet {Int+3}
rElec    +         Reflect  .   e - +2 cloak {+Inv}
rCorr    .         Harm     .   w - +2 pair of gloves
MR       .....                  M - +1 pair of boots
Stlth    ..........             (no amulet)
HPRegen  0.22/turn              x - +3 ring of evasion
MPRegen  0.16/turn              n - ring of see invisible

@: no status effects
A: negative energy resistance 1, electricity resistance, unbreathing,
petrification resistance, rot immunity, AC +8
a: Heroism, Finesse, Renounce Religion, Evoke Invisibility


You were on level 2 of the Lair of Beasts.
You worshipped Okawaru.
Okawaru was extremely pleased with you.
You were hungry.

You visited 4 branches of the dungeon, and saw 15 of its levels.

You collected 744 gold pieces.

Inventory:

Hand Weapons
 a - a +2 broad axe of freezing (weapon)
 b - a +0 hunting sling of velocity
 l - a +0 blowgun
 D - a +0 shortbow
 U - a +2 long sword of flaming
Missiles
 h - 144 arrows
 k - 345 stones
 t - 32 poisoned needles
 u - 107 sling bullets
 B - 3 poisoned tomahawks
 F - 78 bolts
 G - 5 tomahawks
 J - 5 javelins (quivered)
 T - 6 needles of sleeping
Armour
 e - a +2 cloak of invisibility (worn)
 s - a +0 shield of protection (worn)
 w - a +2 pair of gloves (worn)
 K - a +0 plate armour (worn)
 M - a +1 pair of boots (worn)
 R - a +1 helmet of intelligence (worn)
Jewellery
 n - a ring of see invisible (right hand)
 x - a +3 ring of evasion (left hand)
 I - an uncursed ring of resist corrosion
 N - an uncursed ring of stealth
Wands
 o - a wand of disintegration (22)
 y - a wand of polymorph (10)
 S - a wand of flame (35)
Scrolls
 j - 8 scrolls of identify
 p - a scroll of holy word {unknown}
 q - 8 scrolls of teleportation
 r - 5 scrolls of remove curse
 L - a scroll of enchant weapon
 O - a scroll of immolation
 V - a scroll of vulnerability {unknown}
Potions
 c - a potion of agility {unknown}
 d - 7 potions of might
 g - a potion of berserk rage
 i - a potion of resistance
 m - a potion of ambrosia {unknown}
 v - 5 potions of curing
 z - 2 potions of flight
 A - 5 potions of cancellation
 C - a potion of magic {unknown}
 E - 4 potions of heal wounds
 P - 3 potions of brilliance {unknown}
 Q - a potion of haste {unknown}
Comestibles
 f - 21 rations
 H - 16 chunks of flesh


   Skills:
 + Level 9.3 Fighting
 * Level 10.4 Axes
 + Level 9.4 Armour
 + Level 9.3 Shields
 + Level 8.4 Invocations
 + Level 6.8 Evocations


You had 11 spell levels left.
You didn't know any spells.
Your spell library contained the following spells:

 Spells                   Type           Power        Failure   Level  Hunger
 Animate Skeleton         Necr           N/A          100%        1    ##.....
 Apportation              Tloc           #.....       100%        1    ##.....
 Corona                   Hex            #......      100%        1    ##.....
 Pain                     Necr           #...         100%        1    ##.....
 Sting                    Conj/Pois      #...         100%        1    ##.....
 Summon Butterflies       Summ           #.......     100%        1    ##.....
 Ensorcelled Hibernation  Hex/Ice        #.....       100%        2    ###....
 Poisonous Vapours        Pois/Air       #.....       100%        2    ###....
 Confuse                  Hex            #.......     100%        3    ####...
 Dazzling Spray           Conj/Hex       #.....       100%        3    ####...
 Lesser Beckoning         Tloc           #.........   100%        3    ####...
 Mephitic Cloud           Conj/Pois/Air  #.......     100%        3    ####...
 Regeneration             Chrm/Necr      #.........   100%        3    ####...
 Tukima's Dance           Hex            #.......     100%        3    ####...
 Vampiric Draining        Necr           #.........   100%        3    ####...
 Animate Dead             Necr           N/A          100%        4    #####..
 Olgreb's Toxic Radiance  Pois           #.......     100%        4    #####..
 Alistair's Intoxication  Tmut/Pois      #.......     100%        5    ######.
 Venom Bolt               Conj/Pois      #.........   100%        5    ######.
 Invisibility             Hex            #.......     100%        6    #######


Dungeon Overview and Level Annotations

Branches:
Dungeon (11/15)            Temple (1/1) D:4            Lair (2/6) D:11
  Snake (1/4) Lair:2          Orc (0/2) D:9
  Swamp: Lair:2-4    Shoals: Lair:2-4

Altars:
Elyvilon
Gozag
Hepliaklqana
Makhleb
Okawaru
Qazlal
Ru
Sif Muna
Uskayaw
Wu Jian
Zin
The Shining One

Shops:
D:11 *


Innate Abilities, Weirdness & Mutations

You are resistant to torment.
Your stone body is resilient. (AC +8)
You are immune to poison.
You resist negative energy. (rN+)
You are resistant to electric shocks. (rElec)
You can survive without breathing.
You are immune to petrification.
You are immune to rotting.


Message History

Okawaru accepts your kill.
You feel like a meek peon again.
The rime drake is engulfed in a cloud of scalding steam. 2 rime drakes come into view.
The rime drake hisses angrily.
The rime drake breathes ice at you. The flash freeze hits you!
* * * LOW HITPOINT WARNING * * *
You are encased in ice.
The rime drake bites you but does no damage.
You see here a rime drake corpse.
You slice the rime drake!! You freeze the rime drake.
You kill the rime drake!
Okawaru accepts your kill.
You slash the plant! You freeze the plant.
You see here a rime drake corpse.
The ice encasing you melts away. The rime drake breathes ice at you.
The flash freeze hits you!
You die...

#..###...#.#.####.. #.##
#..#.#### ## ##..#
#.......#
#.##...###..###.##
##..#.#.##.## #.#
#....##....# #.## ##
###..#P....####..# ##.
##[#.†......##..## #P.
#.[kk†.@........#######.
k.#§§
#..#.####.##.#......÷...
kD..§.##[####
#######.##..####
.D..§§...# #######
k..≈.D...# ......≈...#
..........# #.##PP###..
# ### ###


You could see 2 rime drakes.

Vanquished Creatures
  Snorg (D:10)
  Fannar (D:10)
  A two-headed ogre (D:10)
  A death yak (D:11)
  Urug (D:10)
  Nergalle (Lair:2)
  A cyclops (D:8)
  A black mamba (Lair:1)
  2 centaur skeletons
  5 rime drakes (Lair:2)
  2 komodo dragons
  4 trolls
  3 hornets
  6 hippogriffs
  30 yaks
  3 steam dragons (Lair:2)
  Menkaure (D:6)
  4 wargs (D:9)
  4 nagas (Lair:2)
  A soldier ant (D:8)
  3 water moccasins
  Duvessa (D:5)
  2 orc warriors
  A phantom (D:10)
  4 sky beasts
  4 ice beasts
  A necrophage (D:9)
  2 ogres
  A centaur (D:5)
  2 crocodiles (D:11)
  8 bullfrogs
  2 gnoll sergeants (D:9)
  Dowan (D:5)
  2 scorpions
  15 killer bees
  2 howler monkeys
  3 crimson imps
  A bullfrog zombie (D:11)
  Crazy Yiuf (D:5)
  2 bullfrog skeletons (D:5)
  5 hounds
  4 jellies
  2 orc priests
  6 worker ants
  6 iguanas
  11 orc wizards
  2 hound skeletons
  12 adders
  9 gnolls (D:9)
  An adder zombie (D:5)
  3 adder skeletons
  2 worms
  4 dart slugs
  7 leopard geckos
  24 orcs
  5 giant cockroaches
  7 goblins
  10 hobgoblins
  9 jackals
  4 quokkas
  2 ball pythons
  7 bats
  5 frilled lizards
  12 kobolds
  A leopard gecko zombie (D:5)
  6 rats
  A plant (Lair:1)
298 creatures vanquished.

Vanquished Creatures (others)
  An orc wizard (D:4)
  A fungus (D:11)
  2 plants (D:11)
4 creatures vanquished.

Grand Total: 302 creatures vanquished

Notes
Turn   | Place    | Note
-------+----------+-------------------------------------------
     0 | D:1      | Loudmushroom the Gargoyle Fighter began the quest for the Orb.
     0 | D:1      | Reached XP level 1. HP: 14/14 MP: 1/1
   143 | D:1      | Reached skill level 2 in Axes
   388 | D:1      | Reached XP level 2. HP: 19/19 MP: 2/2
   889 | D:1      | Reached XP level 3. HP: 23/23 MP: 3/3
  1197 | D:2      | Reached XP level 4. HP: 28/29 MP: 4/4
  1268 | D:2      | Found a stormy altar of Qazlal.
  1400 | D:2      | Found a hide-covered altar of Uskayaw.
  1653 | D:3      | Reached skill level 3 in Axes
  1875 | D:3      | Reached XP level 5. HP: 32/33 MP: 5/5
  2098 | D:3      | Found a deep blue altar of Sif Muna.
  2111 | D:3      | Found a burning altar of Makhleb.
  2263 | D:4      | Found a sacrificial altar of Ru.
  2392 | D:4      | Found a staircase to the Ecumenical Temple.
  2402 | Temple   | Entered the Ecumenical Temple
  2442 | Temple   | Became a worshipper of Warmaster Okawaru
  2776 | D:4      | Reached XP level 6. HP: 26/38 MP: 6/6
  2779 | D:4      | Reached skill level 1 in Invocations
  3317 | D:5      | Entered Level 5 of the Dungeon
  3493 | D:5      | Reached skill level 1 in Evocations
  3546 | D:5      | Reached skill level 4 in Axes
  3729 | D:5      | Reached * piety under Okawaru
  3729 | D:5      | Reached XP level 7. HP: 44/44 MP: 8/8
  3750 | D:5      | Found a runed door.
  3754 | D:5      | Noticed Crazy Yiuf
  3759 | D:5      | Killed Crazy Yiuf
  3797 | D:5      | Noticed Duvessa
  3799 | D:5      | Noticed Dowan
  3807 | D:5      | Killed Duvessa
  3849 | D:5      | Killed Dowan
  4020 | D:5      | Reached ** piety under Okawaru
  4275 | D:5      | Reached skill level 5 in Armour
  4854 | D:6      | Found an opulent altar of Gozag.
  4878 | D:6      | Reached skill level 5 in Shields
  4878 | D:6      | Reached XP level 8. HP: 38/48 MP: 8/10
  4993 | D:6      | Reached skill level 5 in Fighting
  4993 | D:6      | Reached skill level 5 in Axes
  5180 | D:6      | Got a fine trident
  5388 | D:6      | Found a white marble altar of Elyvilon.
  5499 | D:6      | Found an ornate altar of the Wu Jian Council.
  5980 | D:6      | Noticed Menkaure
  5985 | D:6      | Killed Menkaure
  6910 | D:7      | Reached *** piety under Okawaru
  6910 | D:7      | Reached XP level 9. HP: 55/55 MP: 11/11
  6911 | D:7      | Found a hazy altar of Hepliaklqana.
  7134 | D:7      | Identified a scroll of acquirement
  7144 | D:7      | Identified the cursed +0 trident "Ibeivef" {pierce, rPois rC+} (You found it on level 6 of the Dungeon)
  7236 | D:8      | Reached skill level 6 in Axes
  7358 | D:8      | Noticed a cyclops
  7367 | D:8      | Killed a cyclops
  8003 | D:8      | Noticed a hornet
  8013 | D:8      | Killed a hornet
  8013 | D:8      | Noticed a hornet
  8018 | D:8      | Killed a hornet
  8376 | D:9      | Noticed a komodo dragon
  8386 | D:9      | Killed a komodo dragon
  8386 | D:9      | Reached **** piety under Okawaru
  8386 | D:9      | Reached skill level 7 in Axes
  8386 | D:9      | Reached skill level 5 in Invocations
  8415 | D:9      | Reached XP level 10. HP: 53/61 MP: 13/13
  8661 | D:9      | Found a staircase to the Orcish Mines.
  8931 | D:9      | Reached ***** piety under Okawaru
  9007 | D:9      | Got an iridescent hunting sling
  9037 | D:9      | Received a gift from Okawaru
  9447 | D:9      | Found a glowing golden altar of the Shining One.
  9476 | D:9      | Reached skill level 8 in Axes
  9948 | D:9      | Identified the cursed +2 hunting sling "Nyoh" {velocity, *Slow rF+ Int+4} (You found it on level 9 of the Dungeon)
 10036 | D:10     | Entered Level 10 of the Dungeon
 10107 | D:10     | Noticed Snorg
 10124 | D:10     | Killed Snorg
 10124 | D:10     | Reached skill level 5 in Evocations
 10124 | D:10     | Reached XP level 11. HP: 5/67 MP: 13/15
 10551 | D:10     | Noticed Fannar
 10590 | D:10     | Killed Fannar
 11142 | D:10     | Received a gift from Okawaru
 11352 | D:10     | Noticed Urug
 11365 | D:10     | Killed Urug
 11365 | D:10     | Reached skill level 9 in Axes
 11535 | D:10     | Noticed a two-headed ogre
 11544 | D:10     | Killed a two-headed ogre
 12616 | D:11     | Noticed a death yak
 12631 | D:11     | Killed a death yak
 12644 | D:11     | Found a staircase to the Lair.
 12810 | D:11     | Reached XP level 12. HP: 75/75 MP: 17/17
 12886 | D:11     | Found Laynacos's General Store.
 13130 | Lair:1   | Entered Level 1 of the Lair of Beasts
 13553 | Lair:1   | Reached skill level 10 in Axes
 14089 | Lair:2   | Found a staircase to the Snake Pit.
 14195 | Snake:1  | Entered Level 1 of the Snake Pit
 14283 | Lair:2   | Noticed Nergalle
 14296 | Lair:2   | Killed Nergalle
 14469 | Lair:2   | Received a gift from Okawaru
 14615 | Lair:2   | Killed from afar by a rime drake

Skill      XL: |  1  2  3  4  5  6  7  8  9 10 11 12 |
---------------+-------------------------------------+-----
Axes           | 2 3 4 5 7 8 9 10 | 10.4
Armour         | 4 5 6 7 8 9 |  9.4
Shields        | 4 5 6 7 8 9 |  9.3
Fighting       | 4 5 6 7 8 9 |  9.3
Invocations    | 1 2 3 5 6 7 8 |  8.4
Evocations     | 1 2 3 4 5 6 |  6.8

Action                   |  1- 3 |  4- 6 |  7- 9 | 10-12 || total
-------------------------+-------+-------+-------+-------++-------
Melee: War axe           |    90 |   220 |   227 |       ||   537
       Broad axe         |       |       |    93 |   615 ||   708
Invok: Heroism           |       |       |     3 |    10 ||    13
  Use: Scroll            |       |    12 |     9 |     5 ||    26
  Eat: Chunk             |     1 |     6 |     7 |    14 ||    28
       Ration            |       |     1 |     2 |     2 ||     5
Armor: Scale mail        |    62 |    53 |       |       ||   115
       Chain mail        |       |    97 |    51 |       ||   148
       Plate armour      |       |       |   160 |   469 ||   629
Dodge: Dodged            |    39 |    55 |    99 |   250 ||   443
Block: Shield            |    47 |   110 |   184 |   438 ||   779
